 Dungeon Crawl Stone Soup version 0.24.1-14-gf8d2b509d9 (console) character file.

Game seed: 11554012235797705318, levelgen mode: deterministic

6 Kagalorn the Charmwright (level 1, 0/16 HPs)
             Began as a Minotaur Wanderer on Feb 26, 2021.
             Slain by a kobold
             ... wielding a +0 short sword
              (5 damage)
             ... on level 1 of the Dungeon.
             The game lasted 00:01:01 (490 turns).

Kagalorn the Charmwright (Minotaur Wanderer)         Turns: 490, Time: 00:01:02

Health: 0/16       AC:  2    Str: 14    XL:     1   Next: 75%
Magic:  1/1        EV: 11    Int: 10    God:
Gold:   19         SH:  0    Dex: 10    Spells: 2/2 levels left

rFire    . . .     SeeInvis .   a - +0 spear
rCold    . . .     Gourm    .   (no shield)
rNeg     . . .     Faith    .   c - +0 robe
rPois    .         Spirit   .   (helmet restricted)
rElec    .         Reflect  .   (no cloak)
rCorr    .         Harm     .   (no gloves)
MR       .....                  (no boots)
Stlth    +.........             (no amulet)
HPRegen  0.05/turn              (no ring)
MPRegen  0.07/turn              (no ring)

@: no status effects
A: retaliatory headbutt, horns 2
a: no special abilities


You were on level 1 of the Dungeon.
You were not hungry.

You visited 1 branch of the dungeon, and saw 1 of its levels.

You collected 19 gold pieces.

Inventory:

Hand Weapons
 a - a +0 spear (weapon)
Armour
 c - a +0 robe (worn)
Comestibles
 f - a ration


   Skills:
 + Level 1.1 Fighting
 - Level 1.0 Throwing
 + Level 1.1 Armour
 - Level 1.0 Spellcasting
   Level 2.0 Charms
   Level 1.5 Transmutations
   Level 1.5 Earth Magic
   Level 1.0 Evocations


You had 2 spell levels left.
You didn't know any spells.
Your spell library contained the following spells:

 Spells                   Type           Power        Failure   Level  Hunger
 Beastly Appendage        Tmut           #.....       19%         1    ##.....
 Sticks to Snakes         Tmut           #.......     28%         2    ###....
 Magic Dart               Conj           #...         34%         1    ##.....
 Spider Form              Tmut/Pois      #.........   58%         3    ####...
 Static Discharge         Conj/Air       #.......     71%         3    ####...
 Ice Form                 Ice/Tmut       #.......     94%         4    #####..
 Blade Hands              Tmut           #.........   99%         5    ######.


Dungeon Overview and Level Annotations

Branches:
Dungeon (1/15)

Altars:


Innate Abilities, Weirdness & Mutations

You reflexively headbutt those who attack you in melee.
You have a pair of horns on your head.


Message History

You hit the kobold but do no damage. Your headbutt misses the kobold.
The kobold is moderately wounded.
The kobold hits you but does no damage.
You closely miss the kobold.
The kobold is moderately wounded.
The kobold misses you.
You hit the kobold but do no damage.
The kobold is moderately wounded.
The kobold hits you with a +0 short sword.
You closely miss the kobold. Your headbutt misses the kobold.
The kobold is moderately wounded.
The kobold hits you with a +0 short sword.
* * * LOW HITPOINT WARNING * * *
You hit the kobold.
The kobold is severely wounded.
The kobold misses you.
You barely miss the kobold.
The kobold is severely wounded.
The kobold hits you with a +0 short sword.
You die...

#.......#
##.......
##.......
#.#.......
......... #...g#
#s# #K# #@# #.#
#.# # #.# #. #.#
##.# #.# #...##
#.# ......
#######.#
....#.####.......#


You could see a giant cockroach, a goblin and a kobold.

Vanquished Creatures
  A bat (D:1)
  2 goblins (D:1)
  A hobgoblin (D:1)
  A kobold (D:1)
5 creatures vanquished.

Notes
Turn   | Place    | Note
-------+----------+-------------------------------------------
     0 | D:1      | Kagalorn the Minotaur Wanderer began the quest for the Orb.
     0 | D:1      | Kagalorn set off with the following items: a +0 club, a +0
                  | robe, a ration; and the following spells available to
                  | memorise: Beastly Appendage, Sticks to Snakes, Magic Dart,
                  | Spider Form, Static Discharge, Ice Form, Blade Hands
     0 | D:1      | Reached XP level 1. HP: 14/14 MP: 1/1
   322 | D:1      | Reached skill level 1 in Fighting
   322 | D:1      | Reached skill level 1 in Armour
   490 | D:1      | Slain by a kobold

Levels and vault maps discovered:
D:1:      saegor_arrival_miasma, layout_loops_ring, moated_statue,
          minmay_pentomino_t4

Skill      XL: |  1 |
---------------+----+-----
Fighting       | 1 |  1.1
Armour         | 1 |  1.1
Throwing       | |  1.0
Spellcasting   | |  1.0
Charms         | |  2.0
Transmutations | |  1.5
Earth Magic    | |  1.5
Evocations     | |  1.0

Action                   || total
-------------------------++-------
Melee: Unarmed           ||    13
       Spear             ||     9
       Headbutt          ||     1
Armor: Robe              ||     2
Dodge: Dodged            ||    14
